 Dungeon Crawl Stone Soup version 0.30.1-4-g462c640d31 (webtiles) character file.

Game seed: 10643580553802832072

77 lonewolfV2 the Trooper (level 4, 0/52 HPs)
             Began as a Demonspawn Berserker on Aug 24, 2023.
             Was a Believer of Trog.
             Slain by a small abomination (8 damage)
             ... on level 3 of the Dungeon.
             The game lasted 00:04:18 (1955 turns).

lonewolfV2 the Trooper (Demonspawn Berserker)       Turns: 1955, Time: 00:04:19

Health: 0/52       AC:  2    Str: 25    XL:     4   Next: 13%
Magic:  4/4        EV: 12    Int:  8    God:    Trog [**....]
Gold:   149        SH:  0    Dex: 17    Spells: 3/3 levels left

rFire   . . .        a - +0 hand axe
rCold   . . .        (no shield)
rNeg    . . .        m - +0 robe of Cloud Cover {Dex+4}
rPois   +            (helmet restricted)
rElec   .            (no cloak)
rCorr   .            (no gloves)
SInv    .            (no boots)
Will    .....        l - amulet of regeneration Stlth
                     f - +6 ring of strength
HPRegen 1.08/turn    j - ring of poison resistance
MPRegen 0.09/turn

%: no passive effects
@: berserking, very quick
A: antennae 2
a: Renounce Religion, Berserk, Trog's Hand


You were on level 3 of the Dungeon.
You worshipped Trog.
Trog was pleased with you.
You visited 1 branch of the dungeon, and saw 3 of its levels.

You collected 149 gold pieces.

Inventory:

Hand Weapons
 a - a +0 hand axe (weapon)
Armour
 b - a +1 animal skin
 m - the +0 robe of Cloud Cover (worn) {Dex+4}
   (You found it on level 2 of the Dungeon)

   Dex:       It affects your dexterity (+4).
Jewellery
 c - a ring of positive energy
 e - an amulet of reflection
 f - a +6 ring of strength (left hand)
 j - a ring of poison resistance (right hand)
 l - an amulet of regeneration (around neck)
Potions
 d - 3 potions of brilliance {unknown}
 h - a potion of haste
 n - a potion of attraction {unknown}
 p - a potion of flight {unknown}


   Skills:
 + Level 3.5 Fighting
 + Level 3.5 Axes
 + Level 1.9 Armour
 + Level 2.3 Dodging
 + Level 1.1 Stealth
 + Level 0.2 Shields


You had 3 spell levels left.
You didn't know any spells.
Your spell library was empty.

Dungeon Overview and Level Annotations

Branches:
Dungeon (3/15)

Altars:
Cheibriados

Portals:
Abyss: D:3

Annotations:
D:3 1 transporter, Ishowmeat's ghost, amateur MiGl


Innate Abilities, Weirdness & Mutations

You have a pair of antennae on your head.


Message History

The frilled lizard hisses angrily.
The frilled lizard closely misses you.
You hit the frilled lizard.
You kill the frilled lizard!
Trog accepts your kill.
There is a transporter here.
Ishowmeat's ghost turns its malevolent gaze towards you.
There is a transporter here.
You enter the transporter and appear at another place.
Ishowmeat's ghost hits you! The small abomination hits you.
You hit the small abomination.
The small abomination is lightly damaged.
You hit Ishowmeat's ghost. The small abomination hits you!
Ishowmeat's ghost hits you!
* * * LOW HITPOINT WARNING * * *
You can't go up here!
You can't go down here!
You feel better.
The small abomination completely misses you.
Ishowmeat's ghost closely misses you.
A red film seems to cover your vision as you go berserk!
You feel yourself moving faster!
You feel mighty! The small abomination hits you!
* * * LOW HITPOINT WARNING * * *
Ishowmeat's ghost hits you.
* * * LOW HITPOINT WARNING * * *
Okay, then.
Okay, then.
You hit the small abomination.
The small abomination is moderately damaged.
You hit Ishowmeat's ghost. Ishowmeat's ghost barely misses you.
The small abomination hits you but does no damage.
You hit the small abomination but do no damage.
The small abomination is moderately damaged.
You slash Ishowmeat's ghost! You closely miss the small abomination.
The small abomination is moderately damaged.
You hit Ishowmeat's ghost but do no damage.
The small abomination hits you!
You die...

##.......## ##### #.........#
######### ....##
#.........#######.......# .....##
#.......................#
......###.......................#
#####.............##............#
###.#.......©####....###.....
#.##....####.###..##©#.....
#.###..##W@x#.x#.=##.#....# # #?#
#..#.#....##..##.##...# #
#.###..##.#.###...##..#...# #
###.##....##..#....##.#.#...# #
..........# ..##.### . ##..## #
#......#..##x##.####..###...#
###..# #...©#W.##..g..#.#.....##
....## #.#..##{# #^#.#..##.....#
..#..#.##.#...##∩.#..[..# ##.....


You could see a small abomination and Ishowmeat's ghost.

Vanquished Creatures
  2 adders (D:3)
  2 dart slugs
  4 orcs (D:3)
  4 ball pythons
  3 endoplasms
  5 giant cockroaches
  2 goblins (D:2)
  6 hobgoblins
  2 quokkas
  5 bats
  4 frilled lizards
  5 kobolds
  5 rats
49 creatures vanquished.

Notes
Turn   | Place    | Note
-------+----------+-------------------------------------------
     0 | D:1      | lonewolfV2 the Demonspawn Berserker began the quest for the
                  | Orb.
     0 | D:1      | Reached XP level 1. HP: 18/18 MP: 1/1
   129 | D:1      | Gained mutation: You have a pair of small antennae on your
                  | head. [demonic ancestry]
   129 | D:1      | Reached XP level 2. HP: 18/24 MP: 2/2
   765 | D:2      | Found a snail-covered altar of Cheibriados.
   893 | D:2      | Identified the +0 robe of Cloud Cover {Dex+4}
   975 | D:2      | Gained mutation: You have a pair of antennae on your head.
                  | [demonic ancestry]
   975 | D:2      | Reached XP level 3. HP: 21/29 MP: 3/3
  1280 | D:2      | Reached ** piety under Trog
  1588 | D:3      | Reached skill level 1 in Stealth
  1590 | D:3      | Reached XP level 4. HP: 7/35 MP: 4/4
  1652 | D:3      | Found a one-way gate to the infinite horrors of the Abyss.
  1652 | D:3      | Noticed Ishowmeat's ghost (amateur MiGl)
  1654 | D:3      | Noticed a small abomination
  1716 | D:3      | Found a transporter.
  1737 | D:3      | Found a transporter.
  1955 | D:3      | Slain by a small abomination

Illustrated notes

Levels and vault maps discovered:
D:1:      minmay_arrival_four_houses, layout_rooms
D:2:      layout_loops_ring, basic_altar, minmay_puff
D:3:      layout_rooms, gammafunk_ghost_abyssal_escape

Skill      XL: |  1  2  3 |
---------------+----------+-----
Dodging        | 2 |  2.3
Axes           | 3 |  3.5
Stealth        | 1 |  1.1
Fighting       | |  3.5
Armour         | |  1.9
Shields        | |  0.2

Action                     |  1- 3 |  4- 6 || total
---------------------------+-------+-------++-------
  Melee: Hand axe          |   118 |    32 ||   150
         Punch             |     1 |       ||     1
 Invoke: Berserk           |     1 |       ||     1
    Use: Scroll            |     7 |     4 ||    11
         Potion            |       |     2 ||     2
   Stab: Sleeping          |     1 |     1 ||     2
 Armour: Animal skin       |    20 |       ||    20
         Robe              |    28 |     9 ||    37
  Dodge: Dodged            |   138 |    15 ||   153
  Block: Other             |    12 |       ||    12
